 Dungeon Crawl Stone Soup version 0.26.1-11-gd32895ea62 (webtiles) character file.

Game seed: 3438407714208573641

151300 boopmooplesden the Severer (level 17, -6/156 HPs)
             Began as a Minotaur Fighter on July 12, 2021.
             Was the Champion of Okawaru.
             Mangled by a 21-headed hydra zombie (9 damage)
             ... on level 4 of the Swamp on July 13, 2021.
             The game lasted 01:20:49 (28501 turns).

boopmooplesden the Severer (Minotaur Fighter)      Turns: 28501, Time: 01:20:50

Health: -6/156     AC: 26    Str: 29    XL:     17   Next: 0%
Magic:  13/16      EV: 29    Int: 16    God:    Okawaru [******]
Gold:   3083       SH: 23    Dex: 27    Spells: 16/16 levels left

rFire    + . .     SeeInvis +   R - +6 broad axe of the Valley {venom, Dex+2}
rCold    x . .     Faith    .   c - +4 kite shield
rNeg     + . .     Spirit   .   H - +5 ring mail of Entitlement {Dex+4 SInv}
rPois    +         Reflect  .   b - +2 hat of Siro {+Blink rCorr Dex+3 Slay-2}
rElec    .         Harm     +   C - +4 cloak "Nutoc" {Str+3}
rCorr    +         Rampage  .   o - +2 pair of gloves {Dex+3}
Will     +....                  x - +0 pair of boots of Dogma {Harm rPois rC- Int+5}
Stlth    ++++......             U - amulet of Mutualism {Acrobat *Slow rF+ Str+3 Slay+2}
HPRegen  0.36/turn              z - ring "Ytubbo" {rN+ Int+6}
MPRegen  0.15/turn              (no ring)

@: lethally poisoned (-6 -> -7), heroism
A: retaliatory headbutt, horns 2
a: Renounce Religion, Evoke Blink, Heroism, Finesse


You were on level 4 of the Swamp.
You worshipped Okawaru.
Okawaru was exalted by your worship.
You visited 5 branches of the dungeon, and saw 28 of its levels.
You also visited: Sewer and Gauntlet.

You collected 3083 gold pieces.

Inventory:

Hand Weapons
 r - the +6 war axe "Giqedgher" {antimagic, Will- Str+6 Int+5}
   (Okawaru gifted it to you on level 3 of the Swamp)

   It reduces the magical energy of the wielder, and disrupts the spells and
   magical abilities of those hit.
   Natural abilities and divine invocations are not affected.
   It affects your strength (+6).
   It affects your intelligence (+5).
   It affects your willpower, your defense against some magical effects.
 O - the +1 hand axe "Rilonu Ucing" {freeze, *Corrode rElec rPois Int+4}
   (You took it off an orc on level 7 of the Dungeon)

   It has been specially enchanted to freeze those struck by it, causing extra
   injury to most foes and up to half again as much damage against particularly
   susceptible opponents.
   It can also slow down cold-blooded creatures.
   It affects your intelligence (+4).
   It insulates you from electricity.
   It protects you from poison.
   It may corrode you when you take damage.
 Q - the +7 lajatang "Kenwauc" {flame, Dex+3}
   (Okawaru gifted it to you on level 6 of the Lair of Beasts)

   It has been specially enchanted to burn those struck by it, causing extra
   injury to most foes and up to half again as much damage against particularly
   susceptible opponents.
   Big, fiery blades are also staple armaments of hydra-hunters.
   It affects your dexterity (+3).
 R - the +6 broad axe of the Valley (weapon) {venom, Dex+2}
   (Okawaru gifted it to you on level 11 of the Dungeon)

   It poisons the flesh of those it strikes.
   It affects your dexterity (+2).
 X - a +2 vorpal flail
Missiles
 i - 7 throwing nets (quivered)
 K - 23 javelins
 Y - 11 atropa-tipped darts
Armour
 a - a +2 crystal plate armour
 b - the +2 hat of Siro (worn) {+Blink rCorr Dex+3 Slay-2}
   (Okawaru gifted it to you on level 1 of the Lair of Beasts)

   It affects your dexterity (+3).
   It affects your accuracy and damage with ranged weapons and melee attacks
   (-2).
   It lets you blink.
   It provides partial protection from all sources of acid and corrosion.
 c - a +4 kite shield (worn)
 g - a +1 pair of boots of flying
 o - a +2 pair of gloves of dexterity (worn)
 w - the +4 plate armour "Forget-Me-Not" {rN+}
   (You found it in a Gauntlet)

   It protects you from negative energy.
 x - the +0 pair of boots of Dogma (worn) {Harm rPois rC- Int+5}
   (You found it on level 1 of the Lair of Beasts)

   It affects your intelligence (+5).
   It makes you vulnerable to cold.
   It protects you from poison.
   It increases damage dealt and taken.
 C - the +4 cloak "Nutoc" (worn) {Str+3}
   (Okawaru gifted it to you on level 6 of the Lair of Beasts)

   It affects your strength (+3).
 F - the +2 ring mail of Catatonia {*Drain rCorr Slay+5 SInv}
   (You found it on level 2 of the Lair of Beasts)

   It affects your accuracy and damage with ranged weapons and melee attacks
   (+5).
   It lets you see invisible.
   It provides partial protection from all sources of acid and corrosion.
   It causes draining when unequipped.
 H - the +5 ring mail of Entitlement (worn) {Dex+4 SInv}
   (You found it on level 6 of the Dungeon)

   It affects your dexterity (+4).
   It lets you see invisible.
 Z - a +1 plate armour of poison resistance
Jewellery
 v - an uncursed ring of flight
 z - the ring "Ytubbo" (left hand) {rN+ Int+6}
   (You found it in a Gauntlet)

   [ring of positive energy]

   It affects your intelligence (+6).
   It protects you from negative energy.
 B - an uncursed amulet of reflection
 D - a +6 ring of intelligence
 J - an uncursed ring of see invisible
 U - the amulet of Mutualism (around neck) {Acrobat *Slow rF+ Str+3 Slay+2}
   (You found it on level 8 of the Dungeon)

   [amulet of the acrobat]

   It helps you evade while moving and waiting.
   It affects your strength (+3).
   It affects your accuracy and damage with ranged weapons and melee attacks
   (+2).
   It protects you from fire.
   It may slow you when you take damage.
Wands
 f - a wand of acid (23)
 l - a wand of digging (11)
 n - a wand of iceblast (16)
 y - a wand of paralysis (11)
 E - a wand of disintegration (62)
 L - a wand of enslavement (18)
Scrolls
 j - 7 scrolls of identify
 k - 5 scrolls of teleportation
 m - 4 scrolls of magic mapping
 q - 9 scrolls of remove curse
 u - 7 scrolls of enchant weapon
 M - 3 scrolls of fear
 N - 4 scrolls of fog
 P - 2 scrolls of summoning
 T - 3 scrolls of blinking
Potions
 d - 6 potions of might
 e - 9 potions of heal wounds
 h - 15 potions of curing
 p - 2 potions of magic
 s - 2 potions of flight
 t - a potion of ambrosia
 A - 5 potions of mutation
 G - 3 potions of haste
 I - a potion of cancellation
 S - 3 potions of berserk rage {unknown}
 V - 3 potions of brilliance
 W - a potion of invisibility {unknown}


   Skills:
 + Level 15.2(20.2) Fighting
 + Level 20.4(25.8) Axes
 + Level 8.8(20.8) Maces & Flails
 + Level 10.9(15.9) Armour
 + Level 11.3(16.3) Dodging
 + Level 4.6(9.6) Stealth
 + Level 17.0(22.0) Shields
 + Level 1.1 Invocations
 + Level 1.6 Evocations


You had 16 spell levels left.
You didn't know any spells.
Your spell library contained the following spells:

 Spells                   Type           Power        Failure   Level
 Beastly Appendage        Tmut           0%           32%         1
 Corona                   Hex            0%           32%         1
 Freeze                   Ice            0%           32%         1
 Magic Dart               Conj           0%           32%         1
 Summon Small Mammal      Summ           0%           32%         1
 Call Imp                 Summ           0%           43%         2
 Ensorcelled Hibernation  Hex/Ice        0%           43%         2
 Searing Ray              Conj           0%           43%         2
 Wereblood                Tmut           0%           43%         2
 Call Canine Familiar     Summ           0%           67%         3
 Confusing Touch          Hex            0%           67%         3
 Dazzling Flash           Conj/Hex       0%           67%         3
 Frozen Ramparts          Ice            0%           67%         3
 Ozocubu's Armour         Ice            0%           67%         3
 Spider Form              Tmut/Pois      0%           67%         3
 Summon Guardian Golem    Hex/Summ       0%           67%         3
 Tukima's Dance           Hex            0%           67%         3
 Fulminant Prism          Conj/Hex       0%           97%         4
 Hailstorm                Conj/Ice       0%           97%         4
 Ice Form                 Ice/Tmut       0%           97%         4
 Iskenderun's Mystic Bla  Conj/Tloc      0%           97%         4
 Leda's Liquefaction      Hex/Erth       0%           97%         4
 Summon Ice Beast         Ice/Summ       0%           97%         4
 Summon Lightning Spire   Summ/Air       0%           97%         4
 Blade Hands              Tmut           0%           100%        5
 Bolt of Magma            Conj/Fire/Erth 0%           100%        5
 Silence                  Hex/Air        0%           100%        5
 Conjure Ball Lightning   Conj/Air       0%           100%        6
 Iron Shot                Conj/Erth      0%           100%        6
 Statue Form              Tmut/Erth      0%           100%        6
 Haunt                    Necr/Summ      0%           100%        7
 Borgnjor's Revivificati  Necr           0%           100%        8
 Infestation              Necr           0%           100%        8
 Necromutation            Tmut/Necr      0%           100%        8
 Death's Door             Necr           0%           100%        9
 Shatter                  Erth           0%           100%        9
 Tornado                  Air            0%           100%        9


Dungeon Overview and Level Annotations

Branches:
Dungeon (15/15)            Temple (1/1) D:5            Lair (6/6) D:11
  Swamp (4/4) Lair:3        Snake (0/4) Lair:4        Slime (0/5) Lair:6
    Orc (2/2) D:11            Elf (0/3) Orc:2        Vaults (0/5) D:14
  Sewer (visited)         Gauntlet (visited)
 Depths: D:15

Altars:
Elyvilon
Fedhas
Makhleb
Nemelex Xobeh
Okawaru
Qazlal
Sif Muna
Trog
Uskayaw
Wu Jian
Yredelemnul
Zin

Shops:
D:4 *   D:12 }   D:13 :   Orc:2 }!*}

Annotations:
D:15 1 runed translucent door


Innate Abilities, Weirdness & Mutations

You reflexively headbutt those who attack you in melee.
You have a pair of horns on your head.


Message History

You slash the 21-headed hydra zombie!
You headbutt the 21-headed hydra zombie.
The 21-headed hydra zombie is almost destroyed.
You chop one of the five-headed hydra zombie's heads off!
You hit the four-headed hydra zombie.
You block the four-headed hydra zombie's attack. x2
The four-headed hydra zombie completely misses you.
The four-headed hydra zombie closely misses you.
The 21-headed hydra zombie bites you!
* * * LOW HITPOINT WARNING * * *
The 21-headed hydra zombie bites you but does no damage.
The 21-headed hydra zombie completely misses you.
The 21-headed hydra zombie bites you but does no damage.
You block the 21-headed hydra zombie's attack.
The 21-headed hydra zombie bites you but does no damage.
The 21-headed hydra zombie bites you.
* * * LOW HITPOINT WARNING * * *
The 21-headed hydra zombie bites you but does no damage.
The 21-headed hydra zombie bites you!
You die...

♣.†(..≈≈≈≈≈##
≈♣♣)≈.§≈≈≈≈≈###
.≈.†...§≈≈≈≈≈≈#
..≈≈≈....≈...≈#♣ ♣.§.
..≈≈.≈≈≈≈≈≈≈..≈## ...#
≈...≈≈≈≈≈≈≈≈≈...♣# ♣≈.♣
♣.≈.≈≈≈≈≈≈≈≈≈≈≈..#♣ )≈.#
./..≈≈≈≈^≈≈≈≈..°°Z♣###Z.♣
...≈≈≈≈§..≈≈≈≈.°@Z.Z#...♣
♣.≈≈≈≈≈≈≈≈≈≈≈≈≈°°ZZ[....♣
.♣≈.≈≈≈≈≈≈≈≈≈≈≈.≈♣..†.≈♣♣
.....≈≈≈≈≈≈≈≈.......≈..≈♣
≈≈§≈≈....≈≈.....≈.♣
≈.≈..♣≈♣♣♣.≈.≈...♣ ..≈≈≈≈
♣♣≈.≈....♣ ♣.≈.≈.
♣..≈....♣ ..≈ ♣.....≈♣♣


You could see 2 spectral four-headed hydras, a six-headed hydra simulacrum, a
four-headed hydra zombie and a 21-headed hydra zombie.

Vanquished Creatures
  Gastronok (Lair:2)
  A thorn hunter (Swamp:3)
  2 bunyips
  Azrael (Orc:2)
  A blizzard demon (Gauntlet)
  A minotaur (Gauntlet)
  2 eleionomae
  The ghost of Wuvuatt the Impaler, a journeyman MiBe of Trog (Lair:2)
  2 shambling mangroves
  23 hydras
  Harold (Orc:1)
  5 boulder beetles
  A catoblepas (Lair:6)
  3 centaur warriors
  The ghost of Uzeprotekshun the Nimble, a journeyman OpCj of Vehumet (D:11)
  6 alligators
  4 ogre magi (Orc:2)
  A tengu warrior (D:14)
  16 two-headed ogres
  13 death yaks
  2 sixfirhies (Gauntlet)
  A fire crab (Lair:6)
  7 skeletal warriors
  2 goliath frogs
  6 spriggan druids
  6 swamp dragons
  2 wizards
  A flayed ghost (Swamp:4)
  3 bog bodies
  3 unseen horrors
  Pikel (D:7)
  2 lindwurms (Lair:6)
  An orc knight (Orc:2)
  An orc sorcerer (Orc:2)
  2 oklob plants (Lair:1)
  A spectral boulder beetle (Lair:2)
  5 ugly things
  A deep elf mage (D:15)
  3 cyclopes
  6 manticores
  3 will-o-the-wisps
  A centaur zombie (D:15)
  14 elephants
  12 black mambas
  Joseph (D:7)
  4 torpor snails
  14 cane toads
  A gargoyle (D:15)
  4 centaur skeletons
  Psyche (D:8)
  5 komodo dragons
  4 rime drakes
  A freezing wraith (D:14)
  A tengu conjurer (D:14)
  A bloated husk (Swamp:1)
  2 ice devils (Gauntlet)
  9 trolls
  8 tyrant leeches
  12 polar bears
  11 hornets
  3 raiju (Lair:6)
  10 blink frogs
  11 dream sheep
  A water elemental (D:14)
  10 spriggans
  2 shadows (D:11)
  4 fire elementals (Orc:2)
  26 yaks
  A wraith (D:12)
  2 spectral komodo dragons (Lair:2)
  6 wyverns
  4 basilisks
  10 vampire mosquitoes
  A naga (Lair:4)
  5 soldier ants (D:8)
  6 wargs (Lair:6)
  17 swamp worms
  21 water moccasins
  12 hell hounds (Lair:6)
  17 orc warriors
  Purgy (Sewer)
  4 sky beasts
  15 black bears
  5 swamp drakes (Swamp:4)
  4 ice beasts
  28 ogres
  3 eyes of draining
  33 wolves
  A black mamba simulacrum (Lair:2)
  19 centaurs
  A lemure (D:7)
  4 big kobolds
  15 bullfrogs
  2 scorpions
  A wyvern skeleton (D:8)
  A dream sheep simulacrum (Lair:2)
  16 killer bees
  8 howler monkeys
  21 wights
  2 electric eels (D:11)
  10 orc priests
  A bullfrog zombie (D:12)
  11 hounds
  8 jellies
  Crazy Yiuf (D:7)
  29 orc wizards
  3 bullfrog skeletons
  6 iguanas
  14 worker ants
  A killer bee zombie (D:9)
  2 hound skeletons
  A howler monkey zombie (D:7)
  A howler monkey skeleton (D:7)
  13 adders
  3 shadow imps
  8 white imps
  2 ufetubi
  An ooze (D:4)
  3 worms
  3 dart slugs
  9 leopard geckos
  93 orcs
  11 bats
  7 giant cockroaches
  6 goblins
  8 hobgoblins
  6 jackals
  24 kobolds
  7 quokkas
  A ball python (D:4)
  4 frilled lizards
  A jackal skeleton (D:6)
  2 leopard gecko skeletons
  A quokka skeleton (D:7)
  11 rats
916 creatures vanquished.

Vanquished Creatures (others)
  3 bloated husks
  An orc (Orc:2)
  4 briar patches (Swamp:3)
  A demonic plant (Gauntlet)
  10 foxfires
  49 fungi
  68 plants
  4 toadstools (Swamp:3)
140 creatures vanquished.

Grand Total: 1056 creatures vanquished

Notes
Turn   | Place    | Note
-------+----------+-------------------------------------------
     0 | D:1      | boopmooplesden the Minotaur Fighter began the quest for the
                  | Orb.
     0 | D:1      | Reached XP level 1. HP: 19/19 MP: 0/0
   117 | D:1      | Reached XP level 2. HP: 27/27 MP: 1/1
   662 | D:2      | Found a faded altar of an unknown god.
   678 | D:2      | Reached XP level 3. HP: 33/33 MP: 2/2
   680 | D:2      | Reached skill level 1 in Dodging
   683 | D:2      | Reached skill level 3 in Axes
  1022 | D:2      | You fall into a shaft and drop 2 floors!
  1257 | D:2      | Reached XP level 4. HP: 40/40 MP: 3/3
  1856 | D:3      | Reached skill level 4 in Axes
  2095 | D:4      | Reached XP level 5. HP: 41/46 MP: 4/4
  2204 | D:4      | Found Ehoxirgh's Serpentskin Sales.
  2204 | D:4      | Noticed a water moccasin
  2211 | D:4      | Killed a water moccasin
  2212 | D:4      | Reached skill level 5 in Axes
  2554 | D:4      | Reached XP level 6. HP: 53/53 MP: 5/5
  2780 | D:4      | Reached skill level 5 in Shields
  3066 | D:5      | Entered Level 5 of the Dungeon
  3129 | D:5      | Reached skill level 6 in Axes
  3185 | D:5      | Noticed an ice beast
  3193 | D:5      | Killed an ice beast
  3194 | D:5      | Reached skill level 5 in Armour
  3194 | D:5      | Reached XP level 7. HP: 59/60 MP: 6/6
  3425 | D:5      | Reached skill level 7 in Axes
  3432 | D:5      | Reached skill level 5 in Fighting
  3880 | D:5      | Found a staircase to the Ecumenical Temple.
  3891 | Temple   | Entered the Ecumenical Temple
  3912 | Temple   | Became a worshipper of Warmaster Okawaru
  4216 | D:6      | Found a burning altar of Makhleb.
  4218 | D:6      | Noticed an Executioner
  4235 | D:6      | Found a glowing drain.
  4257 | Sewer    | Entered a sewer
  4283 | Sewer    | Noticed Purgy
  4290 | Sewer    | Killed Purgy
  4525 | D:6      | Found a glowing silver altar of Zin.
  4542 | D:6      | Reached XP level 8. HP: 52/70 MP: 7/7
  4556 | D:6      | Reached skill level 8 in Axes
  4967 | D:6      | Reached * piety under Okawaru
  4968 | D:6      | Reached skill level 9 in Axes
  4968 | D:6      | Found a bloodstained altar of Trog.
  5263 | D:6      | Got an ichor-stained ring mail
  5517 | D:6      | Noticed a smoke demon
  5517 | D:6      | Noticed a hellwing
  5576 | D:6      | Identified the +5 ring mail of Entitlement {Dex+4 SInv}
                  | (You found it on level 6 of the Dungeon)
  5650 | D:7      | Noticed Joseph
  5650 | D:7      | Noticed Pikel
  5662 | D:7      | Killed Pikel
  5663 | D:7      | Reached skill level 10 in Axes
  5663 | D:7      | Reached XP level 9. HP: 31/78 MP: 8/8
  5672 | D:7      | Killed Joseph
  5967 | D:7      | Found a sparkling altar of Nemelex Xobeh.
  5967 | D:7      | Found a stormy altar of Qazlal.
  6038 | D:7      | Found a blossoming altar of Fedhas.
  6087 | D:7      | Reached ** piety under Okawaru
  6088 | D:7      | Reached skill level 11 in Axes
  6088 | D:7      | Reached skill level 1 in Stealth
  6644 | D:7      | Identified the cursed +1 hand axe "Rilonu Ucing" {freeze,
                  | *Corrode rElec rPois Int+4}
  6771 | D:7      | Found a runed translucent door.
  6772 | D:7      | Noticed Crazy Yiuf
  7127 | D:7      | Killed Crazy Yiuf
  7265 | D:8      | Found a runed translucent door.
  7297 | D:8      | Found the +9 staff of Olgreb {rPois∞}
  7298 | D:8      | Found a runed translucent door.
  7681 | D:8      | Found a runed translucent gate.
  7694 | D:8      | Noticed Psyche
  7705 | D:8      | Killed Psyche
  7706 | D:8      | Reached skill level 12 in Axes
  7722 | D:8      | Found a basalt altar of Yredelemnul.
  7771 | D:8      | Got a glittering bronze amulet
  7772 | D:8      | Identified the amulet of Mutualism {Acrobat *Slow rF+ Str+3
                  | Slay+2} (You found it on level 8 of the Dungeon)
  7831 | D:8      | Noticed a two-headed ogre
  7839 | D:8      | Killed a two-headed ogre
  7839 | D:8      | Reached *** piety under Okawaru
  7840 | D:8      | Reached XP level 10. HP: 66/86 MP: 9/9
  8101 | D:8      | Found a runed translucent gate.
  8102 | D:8      | Found a runed translucent gate.
  8159 | D:8      | Reached **** piety under Okawaru
  8598 | D:9      | Reached skill level 5 in Dodging
  9460 | D:10     | Entered Level 10 of the Dungeon
  9545 | D:10     | Reached skill level 13 in Axes
  9675 | D:10     | Reached ***** piety under Okawaru
 10164 | D:10     | Reached XP level 11. HP: 94/94 MP: 10/10
 10462 | D:11     | Noticed a white ugly thing
 10478 | D:11     | Killed a white ugly thing
 10709 | D:11     | Found a staircase to the Orcish Mines.
 10709 | D:11     | Noticed a boulder beetle
 10762 | D:11     | Killed a boulder beetle
 10762 | D:11     | Received a gift from Okawaru
 10768 | D:11     | Got a smoking broad axe {god gift}
 10769 | D:11     | Identified the +6 broad axe of the Valley {venom, Dex+2}
                  | (Okawaru gifted it to you on level 11 of the Dungeon)
 11095 | D:11     | Noticed a two-headed ogre
 11102 | D:11     | Killed a two-headed ogre
 11131 | D:11     | Found a staircase to the Lair.
 11136 | D:11     | Noticed an unseen horror
 11140 | Lair:1   | Entered Level 1 of the Lair of Beasts
 11146 | Lair:1   | Reached skill level 14 in Axes
 11151 | Lair:1   | Reached skill level 10 in Shields
 11452 | Lair:1   | Noticed a six-headed hydra
 11474 | D:11     | Killed an unseen horror
 11746 | D:11     | Found a runed translucent gate.
 11746 | D:11     | Found a runed translucent gate.
 11746 | D:11     | Noticed Uzeprotekshun's ghost (journeyman OpCj)
 11747 | D:11     | Found a runed translucent gate.
 11747 | D:11     | Noticed a centaur warrior
 12208 | D:12     | Noticed an unseen horror
 12216 | D:12     | Killed an unseen horror
 12242 | D:12     | Noticed a white ugly thing
 12243 | D:12     | Noticed a brown ugly thing
 12260 | D:12     | Killed a purple ugly thing
 12260 | D:12     | Received a gift from Okawaru
 12264 | D:12     | Killed a brown ugly thing
 12588 | D:12     | Noticed a cyan ugly thing
 12597 | D:12     | Killed a cyan ugly thing
 12616 | D:12     | Reached XP level 12. HP: 104/104 MP: 11/11
 12726 | D:12     | Reached skill level 15 in Axes
 12926 | D:12     | Noticed a boulder beetle
 12935 | D:12     | Killed a boulder beetle
 13105 | D:12     | Found Adaghoto's Gadget Emporium.
 13336 | D:13     | Noticed a two-headed ogre
 13337 | D:13     | Found Eskatoe's Book Shop.
 13345 | D:13     | Killed a two-headed ogre
 13704 | D:13     | Noticed a two-headed ogre
 13710 | D:13     | Killed a two-headed ogre
 13711 | D:13     | Reached skill level 10 in Fighting
 13932 | Lair:1   | Killed a six-headed hydra
 13932 | Lair:1   | Reached ****** piety under Okawaru
 14145 | Lair:1   | Received a gift from Okawaru
 14146 | Lair:1   | Reached skill level 16 in Axes
 14201 | Lair:1   | Reached skill level 1 in Maces & Flails
 14229 | Lair:1   | Got a jewelled hat {god gift}
 14235 | Lair:1   | Identified the +2 hat of Siro {+Blink rCorr Dex+3 Slay-2}
                  | (Okawaru gifted it to you on level 1 of the Lair of Beasts)
 14323 | Lair:1   | Noticed a five-headed hydra
 14336 | Lair:1   | Killed a five-headed hydra
 14555 | Lair:1   | Noticed a shambling mangrove
 14555 | Lair:1   | an oklob plant changed into a shambling mangrove
 14575 | Lair:1   | Killed a shambling mangrove
 14603 | Lair:1   | Reached XP level 13. HP: 61/114 MP: 10/12
 14616 | Lair:1   | Got a pair of spiked boots
 14632 | Lair:1   | Identified the +0 pair of boots of Dogma {Harm rPois rC-
                  | Int+5} (You found it on level 1 of the Lair of Beasts)
 15685 | Lair:2   | Noticed Gastronok
 15696 | Lair:2   | Killed Gastronok
 15697 | Lair:2   | Reached skill level 1 in Evocations
 15921 | Lair:2   | Found a runed translucent gate.
 15924 | Lair:2   | Found a runed translucent gate.
 15925 | Lair:2   | Found a runed translucent gate.
 15949 | Lair:2   | Noticed Wuvuatt's ghost (journeyman MiBe)
 15973 | Lair:2   | Killed Wuvuatt's ghost
 15973 | Lair:2   | Received a gift from Okawaru
 15979 | Lair:2   | Got a faintly glowing chain mail {god gift}
 16244 | Lair:2   | Got a bronze ring mail
 16245 | Lair:2   | Identified the +0 chain mail of Imif {Str+3} (Okawaru
                  | gifted it to you on level 2 of the Lair of Beasts)
 16246 | Lair:2   | Identified the +2 ring mail of Catatonia {*Drain rCorr
                  | Slay+5 SInv} (You found it on level 2 of the Lair of
                  | Beasts)
 16477 | Lair:2   | Found an ornate altar of the Wu Jian Council.
 16477 | Lair:2   | Found a hide-covered altar of Uskayaw.
 16611 | Lair:2   | Reached skill level 17 in Axes
 17246 | Lair:3   | Found a staircase to the Swamp.
 17445 | Lair:3   | Found an iron altar of Okawaru.
 18254 | Lair:4   | Reached skill level 10 in Armour
 18534 | Lair:4   | Found a staircase to the Snake Pit.
 19085 | Lair:5   | Received a gift from Okawaru
 19107 | Lair:5   | Got an ichor-stained war axe {god gift}
 19108 | Lair:5   | Identified the +6 war axe "Deacott" {elec, rPois rF+ Str-5}
                  | (Okawaru gifted it to you on level 5 of the Lair of Beasts)
 19169 | Lair:5   | Reached XP level 14. HP: 125/125 MP: 13/13
 19239 | Lair:5   | Reached skill level 18 in Axes
 19569 | Lair:6   | Entered Level 6 of the Lair of Beasts
 19610 | Lair:6   | Received a gift from Okawaru
 19628 | Lair:6   | Got an encrusted cloak {god gift}
 19630 | Lair:6   | Identified the +4 cloak "Nutoc" {Str+3} (Okawaru gifted it
                  | to you on level 6 of the Lair of Beasts)
 19873 | Lair:6   | Reached skill level 5 in Maces & Flails
 20265 | Lair:6   | Found a staircase to the Slime Pits.
 21045 | Lair:6   | Reached XP level 15. HP: 80/134 MP: 14/14
 21224 | Lair:6   | Received a gift from Okawaru
 21235 | Lair:6   | Got a slimy lajatang {god gift}
 21246 | Lair:6   | Identified the +7 lajatang "Kenwauc" {flame, Dex+3}
                  | (Okawaru gifted it to you on level 6 of the Lair of Beasts)
 21409 | Lair:6   | Reached skill level 19 in Axes
 21754 | Lair:6   | Got a transparent ring mail
 21756 | Lair:6   | Identified the cursed +1 ring mail of Imperfection {+Inv
                  | +Fly Str-4 Int+8} (You found it on level 6 of the Lair of
                  | Beasts)
 22080 | Orc:1    | Entered Level 1 of the Orcish Mines
 22189 | Orc:1    | Noticed Harold
 22196 | Orc:1    | Killed Harold
 22330 | Orc:2    | Entered Level 2 of the Orcish Mines
 22378 | Orc:2    | Noticed Azrael
 22390 | Orc:2    | Killed Azrael
 22410 | Orc:2    | Found a shimmering blue altar of Sif Muna.
 22442 | Orc:2    | Reached skill level 10 in Dodging
 22452 | Orc:2    | Reached skill level 15 in Shields
 22454 | Orc:2    | Received a gift from Okawaru
 22468 | Orc:2    | Found Coledun's Gadget Shop.
 22468 | Orc:2    | Found Xam Omit's Distillery.
 22480 | Orc:2    | Found Ceikof's General Store.
 22480 | Orc:2    | Found Daefeg's Gadget Boutique.
 22721 | Orc:2    | Found a staircase to the Elven Halls.
 23437 | D:11     | Killed Uzeprotekshun's ghost
 24253 | D:14     | Reached XP level 16. HP: 146/146 MP: 15/15
 24383 | D:14     | Reached skill level 20 in Axes
 24399 | D:14     | Found a gate to the Vaults.
 24573 | D:15     | Entered Level 15 of the Dungeon
 24761 | D:15     | Found a gate leading to a gauntlet.
 24768 | D:15     | Found a frozen archway.
 24771 | Gauntlet | Entered a Gauntlet
 24771 | Gauntlet | Found a runed translucent door.
 24771 | Gauntlet | Found a transporter.
 24771 | Gauntlet | Found a runed translucent door.
 24771 | Gauntlet | Found a transporter.
 24774 | Gauntlet | Found a transporter.
 24774 | Gauntlet | Found a transporter.
 24784 | Gauntlet | Found a transporter.
 24787 | Gauntlet | Found a transporter.
 24790 | Gauntlet | Found a transporter.
 24832 | Gauntlet | Got a wavering pewter ring
 24833 | Gauntlet | Identified the ring "Ytubbo" {rN+ Int+6} (You found it in a
                  | Gauntlet)
 24895 | Gauntlet | Found a transporter.
 24895 | Gauntlet | Found a transporter.
 24903 | Gauntlet | Found a transporter.
 24922 | Gauntlet | Got a scorched plate armour
 24923 | Gauntlet | Identified the +4 plate armour "Forget-Me-Not" {rN+} (You
                  | found it in a Gauntlet)
 24957 | Gauntlet | Found a transporter.
 25221 | Gauntlet | Found a transporter.
 25345 | D:15     | Found a runed translucent door.
 25385 | D:15     | Received a gift from Okawaru
 25933 | Swamp:1  | Entered Level 1 of the Swamp
 27572 | Swamp:3  | Noticed a thorn hunter
 27613 | Swamp:3  | Killed a thorn hunter
 27613 | Swamp:3  | Received a gift from Okawaru
 27614 | Swamp:3  | Reached skill level 15 in Fighting
 27617 | Swamp:3  | Got a translucent war axe {god gift}
 27618 | Swamp:3  | Identified the +6 war axe "Giqedgher" {antimagic, Will-
                  | Str+6 Int+5} (Okawaru gifted it to you on level 3 of the
                  | Swamp)
 28073 | Swamp:4  | Entered Level 4 of the Swamp
 28160 | Swamp:4  | Reached skill level 1 in Invocations
 28500 | Swamp:4  | Received a gift from Okawaru
 28501 | Swamp:4  | Reached XP level 17. HP: 15/156 MP: 13/16
 28501 | Swamp:4  | HP: 4/156 [21-headed hydra zombie (12)]
 28501 | Swamp:4  | Mangled by a 21-headed hydra zombie

Illustrated notes

Levels and vault maps discovered:
D:1:      minmay_arrival_semitransparent, layout_basic
D:2:      layout_basic, chequers_ecumenical_altar_simple_redux
D:3:      layout_basic
D:4:      layout_loops_ring, guppyfry_shop_venom
D:5:      layout_loops_ring, minmay_temple_entry_poolview
D:6:      layout_loops_corners, makhleb_altar_promises_db,
          trog_eyes_of_draining, portal_sewer_entry_a, minmay_ruined_shrine
D:7:      layout_basic, gammafunk_temple_overflow_wave,
          fedhas_bush_and_centaur_altar, uniq_joseph, uniq_crazy_yiuf_cottage,
          uniq_pikel
D:8:      layout_loops_ring, lemuel_coloured_pillars_altar, kennysheep_path_1,
          minmay_guarded_unrand_staff_of_olgreb, uniq_psyche
D:9:      layout_basic
D:10:     layout_basic
D:11:     layout_roguey, erik_lair_island, orc_0_dummy, gammafunk_ghost_split
D:12:     layout_basic, serial_shops, nicolae_shop_competitors_out_of_business,
          minmay_misc_feat_hallway, roderic_lattice_a
D:13:     layout_loops_cross, serial_shops,
          nicolae_shop_competitors_out_of_business
D:14:     layout_basic, david_vaults_4, kennysheep_big_empty_room
D:15:     grunt_enter_depths_snipers, layout_loops_ring, nicolae_water_bricks,
          gauntlet_entry_generic, portal_ice_cave_rime,
          ebering_ghost_reflecting_pool
Temple:   regret_index_temple_sphere_string
Lair:1:   layout_regular_city, chequers_serial_rivers_small_3,
          lemuel_fruit_tree, minmay_lair_oklob_chamber, grunt_megastairs_4
Lair:2:   layout_cave_pods, gammafunk_ghost_necromancy, serial_bayou_pond_d,
          nzn_masters_of_martial_movement, uniq_gastronok
Lair:3:   layout_regular_city, swamp_mist_pool, basic_altar
Lair:4:   layout_regular_city, guppyfry_snake_entry_island,
          chequers_serial_rivers_room_a
Lair:5:   layout_loops_ring
Lair:6:   hangedman_lair_caniforms_friends, layout_regular_city,
          hangedman_lair_in_review, slime_dummy
Swamp:1:  layout_basic_swamp, evilmike_swamp_ruin_house_3, swamp_pool2
Swamp:2:  nzn_winding_woodlands_small
          [nzn_winding_woodlands_5x15_river_crossing,
          nzn_winding_woodlands_center_lodge,
          nzn_winding_woodlands_5x15_jagged], layout_basic_swamp,
          gammafunk_ghost_grave, evilmike_swamp_ruin_rubble_2, uniq_nikola
Swamp:3:  cheibrodos_swamp_tower_of_moss, layout_basic_swamp,
          nicolae_swamp_stair_fork
Swamp:4:  byrel_swamp_growth_death_and_undeath, layout_basic_swamp,
          infiniplex_staircase_pool_2
Orc:1:    layout_diamond_mine, uniq_harold
Orc:2:    st_orc_ogre_mass, layout_caves, led_sif_book, uniq_azrael

Skill      XL: |  1  2  3  4  5  6  7  8  9 10 11 12 13 14 15 16 |
---------------+-------------------------------------------------+-----
Armour         | 4 5 6 7 8 9 10 | 10.9
Shields        | 4 5 6 7 8 10 11 13 14 15 17 | 17.0
Fighting       | 4 5 6 7 8 9 10 11 12 14 15 | 15.2
Dodging        | 1 2 3 4 5 7 8 9 10 11 | 11.3
Axes           | 3 4 5 6 7 10 12 13 14 16 17 18 19 20 | 20.4
Stealth        | 1 2 3 4 |  4.6
Maces & Flails | 2 3 5 6 8 |  8.8
Evocations     | 1 |  1.6
Invocations    | 1 |  1.1

Action                   |  1- 3 |  4- 6 |  7- 9 | 10-12 | 13-15 | 16-18 || total
-------------------------+-------+-------+-------+-------+-------+-------++-------
Melee: War axe           |    81 |    99 |   218 |       |       |       ||   398
       Headbutt          |     7 |    28 |    65 |   182 |   272 |   148 ||   702
       Hand axe          |       |       |    74 |   306 |       |       ||   380
       Broad axe         |       |       |       |   240 |   542 |   260 ||  1042
       Flail             |       |       |       |    23 |   188 |   107 ||   318
Invok: Heroism           |       |       |     2 |     3 |     3 |     7 ||    15
Evoke: Wand              |       |       |       |    14 |       |       ||    14
  Use: Scroll            |     3 |       |     8 |     5 |    20 |    12 ||    48
       Potion            |       |       |       |       |     5 |     2 ||     7
 Stab: Sleeping          |       |       |       |       |     2 |     3 ||     5
       Distracted        |       |       |       |       |     2 |       ||     2
       Petrified         |       |       |       |       |     3 |       ||     3
Armor: Scale mail        |    36 |    42 |    55 |       |       |       ||   133
       Ring mail         |       |       |    39 |    92 |   175 |    99 ||   405
Dodge: Dodged            |    34 |    33 |    84 |   263 |   428 |   315 ||  1157
Block: Kite shield       |    41 |    50 |   113 |   335 |   733 |   416 ||  1688
